Rangers vs RedWings

Created - December 19 2011 at 17:23

Goals
1 2 3 T
Rangers 1 0 1 2
RedWings 1 1 2 4
Shots
1 2 3 T
Rangers 12 11 5 28
RedWings 11 9 17 37

Period #1

1. Rangers , Nikolai Kulemin 16 (Mike Cammalleri, Jay Bouwmeester) at 3:08 (PP)
2. RedWings , Marty Reasoner 9 (Pavel Kubina, Curtis Glencross) at 7:42

Penalties :
Ray Whitney (DET) for Goalie Interference (Minor) at 2:28, Eric Brewer (DET) for Cross-checking (Minor) at 15:43, Andrei Kostitsyn (NYR) for Boarding (Minor) at 19:50

Period #2

3. RedWings , Keith Yandle 12 (Nik Antropov) at 8:44 (PP)

Penalties :
Mike Cammalleri (NYR) for Slashing (Minor) at 5:15, Andrei Kostitsyn (NYR) for Holding Stick (Minor) at 7:57, Curtis Glencross (DET) for Hooking (Minor) at 12:15, Eric Brewer (DET) for Slashing (Minor) at 14:22, Keith Yandle (DET) for Slashing (Minor) at 14:51, Eric Brewer (DET) for Slashing (Minor) at 17:11

Period #3

4. RedWings , Zach Parise 17 (Paul Martin, Ryan Whitney) at 5:10 (PP)
5. RedWings , Sergei Kostitsyn 7 (Ryan Whitney, Keith Yandle) at 12:29
6. Rangers , Lubomir Visnovsky 9 (Francis Bouillon, Mike Cammalleri) at 14:25 (PP)

Penalties :
Lubomir Visnovsky (NYR) for Holding (Minor) at 0:21, Mike Weaver (NYR) for Interference (Minor) at 4:46, Andrei Kostitsyn (NYR) for Hooking (Minor) at 6:44, Eric Brewer (DET) for Cross-checking (Minor) at 13:41, Jay Bouwmeester (NYR) for Hooking (Minor) at 15:42

Goalie Stats

Niklas Backstrom (NYR), 33 saves from 37 shots - (0.892), L, 17-16-1, 60:00 minutes
Roberto Luongo (DET), 26 saves from 28 shots - (0.929), W, 23-12-3, 60:00 minutes

Players Stats

Rangers
Player Name              G  A  P  +/- PIM S  H  SB FO    MP 
------------------------------------------------------------
Andrei Kostitsyn         0  0  0  -1  6   0  0  0  0/1   14 
Ben Lovejoy              0  0  0   0  0   0  0  0  0/0   0  
Cal Clutterbuck          0  0  0   0  0   0  0  0  0/0   2  
Dan Cleary               0  0  0   0  0   2  0  0  1/1   16 
Francis Bouillon         0  1  1  -1  0   2  3  0  0/0   21 
Henrik Sedin             0  0  0  -1  0   3  0  0  13/27 21 
Ian White                0  0  0   0  0   1  1  1  0/0   17 
Jay Bouwmeester          0  1  1  -1  2   0  1  2  0/0   23 
Keith Ballard            0  0  0  -1  0   0  1  5  0/0   18 
Lubomir Visnovsky        1  0  1   0  2   7  1  0  0/0   22 
Mark Recchi              0  0  0  -1  0   3  1  0  1/3   20 
Mike Cammalleri          0  2  2   0  2   4  0  0  1/1   16 
Mike Weaver              0  0  0  -1  2   0  2  1  0/0   19 
Nikolai Kulemin          1  0  1  -1  0   2  1  0  3/5   21 
Nikolai Zherdev          0  0  0   0  0   1  0  0  0/1   4  
Scott Gomez              0  0  0  -1  0   2  2  0  11/22 20 
Tom Pyatt                0  0  0   0  0   1  0  0  16/31 19 
Vinny Prospal            0  0  0  -1  0   0  2  0  0/0   16 
RedWings
Player Name              G  A  P  +/- PIM S  H  SB FO    MP 
------------------------------------------------------------
Alexandre Burrows        0  0  0   0  0   3  3  0  0/2   19 
Brett Clark              0  0  0   0  0   0  0  0  0/0   0  
Brian Campbell           0  0  0   0  0   4  0  0  0/0   19 
Curtis Glencross         0  1  1   1  2   3  0  0  0/1   18 
Eric Brewer              0  0  0   1  8   2  1  1  0/0   16 
Jamie Langenbrunner      0  0  0   1  0   2  1  0  0/0   15 
Keith Yandle             1  1  2   1  2   2  1  3  0/0   24 
Marty Reasoner           1  0  1   1  0   1  0  0  4/10  6  
Nate Thompson            0  0  0   0  0   1  1  0  13/22 10 
Niclas Bergfors          0  0  0   0  0   0  0  0  0/0   3  
Nik Antropov             0  1  1   1  0   4  3  0  14/24 20 
Paul Martin              0  1  1   0  0   1  1  0  0/0   20 
Pavel Kubina             0  1  1   1  0   0  1  3  0/0   18 
Ray Whitney              0  0  0   1  2   2  1  0  1/4   22 
Ryan Whitney             0  2  2   1  0   0  0  0  0/0   22 
Sergei Kostitsyn         1  0  1   1  0   5  1  0  1/1   19 
Travis Zajac             0  0  0   0  0   1  0  0  12/24 16 
Zach Parise              1  0  1   0  0   6  0  0  1/4   21 

3 Stars

1 - Keith Yandle (DET)
2 - Sergei Kostitsyn (DET)
3 - Marty Reasoner (DET)

Power Play

Rangers - 2 on 7 Attempt(s) - 28.57%
RedWings - 2 on 7 Attempt(s) - 28.57%

Penalty Kill

Rangers - 5 on 7 Attempt(s) - 71.43% - Score 0 goal in Penalty Kill
RedWings - 5 on 7 Attempt(s) - 71.43% - Score 0 goal in Penalty Kill

Game Notes

Marty Reasoner is injured at 19:50 of 1st period (Bruised Right Shoulder)

Finance

Level 1 -- Attendance: 6500 (100.00%) -- Ticket Income $487,500.00
Level 2 -- Attendance: 5000 (100.00%) -- Ticket Income $225,000.00
Level 3 -- Attendance: 3500 (100.00%) -- Ticket Income $87,500.00
Level 4 -- Attendance: 2635 (64.81%) -- Ticket Income $39,525.00
Luxury Box -- Attendance: 1000 (100.00%) -- Ticket Income $150,000.00
Game was played at the Joe Louis Arena
Total Attendance: 18635 (92.87%)
Total Ticket Income: $1,034,764.00
Other Income: $221,835.30
Total Income: $1,256,599.00


Play by Play

Period #1

0:01 of 1st period - Nik Antropov wins face-off versus Tom Pyatt in neutral zone.
0:12 of 1st period - Shot by Sergei Kostitsyn.
0:12 of 1st period - Shot Misses the Net.
0:16 of 1st period - Shot by Ray Whitney.
0:16 of 1st period - Deflect By Sergei Kostitsyn.
0:16 of 1st period - Shot Misses the Net.
0:39 of 1st period - Off-side.
0:40 of 1st period - Travis Zajac wins face-off versus Henrik Sedin in neutral zone.
1:20 of 1st period - Zach Parise is hit by Mike Weaver.
1:34 of 1st period - Zach Parise is hit by Vinny Prospal and loses puck.
1:40 of 1st period - Off-side.
1:41 of 1st period - Scott Gomez wins face-off versus Marty Reasoner in neutral zone.
2:22 of 1st period - Shot by Curtis Glencross.
2:22 of 1st period - Stopped by Niklas Backstrom without a rebound.
2:23 of 1st period - Tom Pyatt wins face-off versus Nik Antropov in Rangers zone.
2:23 of 1st period - Tom Pyatt is hit by Nik Antropov.
2:28 of 1st period - Minor Penalty to Ray Whitney for Goalie Interference.
2:29 of 1st period - Nate Thompson wins face-off versus Tom Pyatt in RedWings zone.
2:46 of 1st period - Shot by Lubomir Visnovsky.
2:46 of 1st period - Shot Misses the Net.
2:48 of 1st period - Shot by Vinny Prospal.
2:48 of 1st period - Deflect By Dan Cleary.
2:48 of 1st period - Shot Misses the Net.
2:50 of 1st period - Shot by Lubomir Visnovsky.
2:50 of 1st period - Stopped by Roberto Luongo without a rebound.
2:51 of 1st period - Nate Thompson wins face-off versus Nikolai Kulemin in RedWings zone.
3:00 of 1st period - Shot by Henrik Sedin.
3:00 of 1st period - Shot Misses the Net.
3:02 of 1st period - Shot by Mike Cammalleri.
3:02 of 1st period - Shot Misses the Net.
3:04 of 1st period - Shot by Jay Bouwmeester.
3:04 of 1st period - Shot Blocked by Pavel Kubina.
3:08 of 1st period - Shot by Mike Cammalleri.
3:08 of 1st period - Deflect By Nikolai Kulemin.
3:08 of 1st period - Goal by Nikolai Kulemin - Rangers : 1 - RedWings : 0.
3:09 of 1st period - Nik Antropov wins face-off versus Tom Pyatt in neutral zone.
3:52 of 1st period - Shot by Sergei Kostitsyn.
3:52 of 1st period - Stopped by Niklas Backstrom with a rebound.
4:31 of 1st period - Shot by Andrei Kostitsyn.
4:31 of 1st period - Deflect By Mark Recchi.
4:31 of 1st period - Stopped by Roberto Luongo without a rebound.
4:32 of 1st period - Henrik Sedin wins face-off versus Marty Reasoner in RedWings zone.
5:39 of 1st period - Shot by Alexandre Burrows.
5:39 of 1st period - Shot Misses the Net.
6:06 of 1st period - Icing by Francis Bouillon.
6:07 of 1st period - Nik Antropov wins face-off versus Scott Gomez in Rangers zone.
6:58 of 1st period - Icing by Ryan Whitney.
6:59 of 1st period - Tom Pyatt wins face-off versus Nik Antropov in RedWings zone.
7:18 of 1st period - Shot by Brian Campbell.
7:18 of 1st period - Stopped by Niklas Backstrom without a rebound.
7:19 of 1st period - Nikolai Kulemin wins face-off versus Marty Reasoner in Rangers zone.
7:28 of 1st period - Shot by Henrik Sedin.
7:28 of 1st period - Shot Misses the Net.
7:36 of 1st period - Shot by Curtis Glencross.
7:36 of 1st period - Stopped by Niklas Backstrom with a rebound.
7:38 of 1st period - Shot by Curtis Glencross.
7:38 of 1st period - Shot Blocked by Jay Bouwmeester.
7:42 of 1st period - Shot by Marty Reasoner.
7:42 of 1st period - Goal by Marty Reasoner - Rangers : 1 - RedWings : 1.
7:43 of 1st period - Tom Pyatt wins face-off versus Travis Zajac in neutral zone.
7:56 of 1st period - Shot by Alexandre Burrows.
7:56 of 1st period - Shot Misses the Net.
8:00 of 1st period - Shot by Zach Parise.
8:00 of 1st period - Deflect By Alexandre Burrows.
8:00 of 1st period - Stopped by Niklas Backstrom without a rebound.
8:01 of 1st period - Marty Reasoner wins face-off versus Henrik Sedin in Rangers zone.
8:16 of 1st period - Shot by Nikolai Kulemin.
8:16 of 1st period - Shot Misses the Net.
8:20 of 1st period - Shot by Henrik Sedin.
8:20 of 1st period - Stopped by Roberto Luongo without a rebound.
8:21 of 1st period - Travis Zajac wins face-off versus Tom Pyatt in RedWings zone.
8:23 of 1st period - Icing by Alexandre Burrows.
8:24 of 1st period - Tom Pyatt wins face-off versus Travis Zajac in RedWings zone.
8:38 of 1st period - Mike Cammalleri is hit by Paul Martin and loses puck.
8:41 of 1st period - Shot by Lubomir Visnovsky.
8:41 of 1st period - Stopped by Roberto Luongo without a rebound.
8:42 of 1st period - Nik Antropov wins face-off versus Henrik Sedin in RedWings zone.
8:42 of 1st period - Nik Antropov is hit by Vinny Prospal.
9:08 of 1st period - Shot by Nikolai Kulemin.
9:08 of 1st period - Stopped by Roberto Luongo without a rebound.
9:09 of 1st period - Travis Zajac wins face-off versus Tom Pyatt in RedWings zone.
9:32 of 1st period - Icing by Brian Campbell.
9:33 of 1st period - Travis Zajac wins face-off versus Scott Gomez in RedWings zone.
10:07 of 1st period - Shot by Curtis Glencross.
10:07 of 1st period - Stopped by Niklas Backstrom without a rebound.
10:08 of 1st period - Henrik Sedin wins face-off versus Nik Antropov in Rangers zone.
10:45 of 1st period - Shot by Henrik Sedin.
10:45 of 1st period - Shot Misses the Net.
10:47 of 1st period - Shot by Vinny Prospal.
10:47 of 1st period - Shot Misses the Net.
10:49 of 1st period - Shot by Henrik Sedin.
10:49 of 1st period - Stopped by Roberto Luongo without a rebound.
10:50 of 1st period - Marty Reasoner wins face-off versus Tom Pyatt in RedWings zone.
11:27 of 1st period - Icing by Lubomir Visnovsky.
11:28 of 1st period - Tom Pyatt wins face-off versus Alexandre Burrows in Rangers zone.
11:50 of 1st period - Icing by Keith Ballard.
11:51 of 1st period - Nik Antropov wins face-off versus Scott Gomez in Rangers zone.
12:12 of 1st period - Shot by Mark Recchi.
12:12 of 1st period - Stopped by Roberto Luongo without a rebound.
12:13 of 1st period - Travis Zajac wins face-off versus Henrik Sedin in RedWings zone.
12:20 of 1st period - Shot by Zach Parise.
12:20 of 1st period - Stopped by Niklas Backstrom without a rebound.
12:21 of 1st period - Henrik Sedin wins face-off versus Marty Reasoner in Rangers zone.
12:25 of 1st period - Jay Bouwmeester is hit by Eric Brewer.
12:43 of 1st period - Shot by Henrik Sedin.
12:43 of 1st period - Shot Misses the Net.
12:46 of 1st period - Icing by Pavel Kubina.
12:47 of 1st period - Scott Gomez wins face-off versus Marty Reasoner in RedWings zone.
13:09 of 1st period - Jamie Langenbrunner is hit by Francis Bouillon and loses puck.
13:28 of 1st period - Shot by Keith Yandle.
13:28 of 1st period - Stopped by Niklas Backstrom without a rebound.
13:29 of 1st period - Tom Pyatt wins face-off versus Travis Zajac in Rangers zone.
13:31 of 1st period - Icing by Lubomir Visnovsky.
13:32 of 1st period - Travis Zajac wins face-off versus Tom Pyatt in Rangers zone.
14:06 of 1st period - Shot by Mike Cammalleri.
14:06 of 1st period - Deflect By Dan Cleary.
14:06 of 1st period - Stopped by Roberto Luongo without a rebound.
14:07 of 1st period - Nikolai Kulemin wins face-off versus Nik Antropov in RedWings zone.
15:00 of 1st period - Off-side.
15:01 of 1st period - Marty Reasoner wins face-off versus Scott Gomez in neutral zone.
15:12 of 1st period - Shot by Pavel Kubina.
15:12 of 1st period - Shot Misses the Net.
15:14 of 1st period - Shot by Eric Brewer.
15:14 of 1st period - Shot Misses the Net.
15:16 of 1st period - Shot by Eric Brewer.
15:16 of 1st period - Stopped by Niklas Backstrom with a rebound.
15:32 of 1st period - Shot by Andrei Kostitsyn.
15:32 of 1st period - Shot Blocked by Pavel Kubina.
15:43 of 1st period - Minor Penalty to Eric Brewer for Cross-checking.
15:44 of 1st period - Henrik Sedin wins face-off versus Nate Thompson in RedWings zone.
15:58 of 1st period - Icing by Mike Cammalleri.
15:59 of 1st period - Nate Thompson wins face-off versus Henrik Sedin in Rangers zone.
16:14 of 1st period - Shot by Henrik Sedin.
16:14 of 1st period - Stopped by Roberto Luongo with a rebound.
16:45 of 1st period - Shot by Dan Cleary.
16:45 of 1st period - Stopped by Roberto Luongo with a rebound.
16:49 of 1st period - Shot by Tom Pyatt.
16:49 of 1st period - Shot Misses the Net.
16:53 of 1st period - Shot by Lubomir Visnovsky.
16:53 of 1st period - Stopped by Roberto Luongo without a rebound.
16:54 of 1st period - Tom Pyatt wins face-off versus Marty Reasoner in RedWings zone.
17:08 of 1st period - Icing by Vinny Prospal.
17:09 of 1st period - Tom Pyatt wins face-off versus Nate Thompson in Rangers zone.
17:09 of 1st period - Tom Pyatt is hit by Nate Thompson.
18:01 of 1st period - Shot by Ray Whitney.
18:01 of 1st period - Shot Misses the Net.
18:07 of 1st period - Mark Recchi is hit by Nik Antropov and loses puck.
18:24 of 1st period - Shot by Scott Gomez.
18:24 of 1st period - Shot Misses the Net.
18:40 of 1st period - Shot by Nikolai Zherdev.
18:40 of 1st period - Shot Misses the Net.
19:48 of 1st period - Icing by Pavel Kubina.
19:49 of 1st period - Marty Reasoner wins face-off versus Scott Gomez in RedWings zone.
19:49 of 1st period - Marty Reasoner is hit by Scott Gomez.
19:50 of 1st period - Minor Penalty to Andrei Kostitsyn for Boarding.
19:50 of 1st period - Marty Reasoner from RedWings is injured at 19:50 of 1st period (Bruised Right Shoulder).
19:51 of 1st period - Nikolai Kulemin wins face-off versus Travis Zajac in Rangers zone.
19:51 of 1st period - Nikolai Kulemin is hit by Alexandre Burrows.
19:57 of 1st period - Shot by Brian Campbell.
19:57 of 1st period - Stopped by Niklas Backstrom without a rebound.
19:58 of 1st period - Travis Zajac wins face-off versus Henrik Sedin in Rangers zone.

Period #2

0:01 of 2nd period - Nik Antropov wins face-off versus Henrik Sedin in neutral zone.
1:12 of 2nd period - Icing by Brian Campbell.
1:13 of 2nd period - Scott Gomez wins face-off versus Travis Zajac in RedWings zone.
1:22 of 2nd period - Shot by Travis Zajac.
1:22 of 2nd period - Shot Misses the Net.
1:36 of 2nd period - Shot by Travis Zajac.
1:36 of 2nd period - Shot Misses the Net.
2:00 of 2nd period - Shot by Mike Cammalleri.
2:00 of 2nd period - Shot Misses the Net.
2:06 of 2nd period - Shot by Dan Cleary.
2:06 of 2nd period - Shot Blocked by Pavel Kubina.
2:10 of 2nd period - Shot by Mike Cammalleri.
2:10 of 2nd period - Shot Blocked by Eric Brewer.
2:24 of 2nd period - Shot by Jamie Langenbrunner.
2:24 of 2nd period - Stopped by Niklas Backstrom with a rebound.
2:56 of 2nd period - Shot by Scott Gomez.
2:56 of 2nd period - Stopped by Roberto Luongo with a rebound.
3:28 of 2nd period - Francis Bouillon is hit by Alexandre Burrows and loses puck.
3:43 of 2nd period - Shot by Travis Zajac.
3:43 of 2nd period - Stopped by Niklas Backstrom without a rebound.
3:44 of 2nd period - Henrik Sedin wins face-off versus Travis Zajac in Rangers zone.
4:54 of 2nd period - Off-side.
4:55 of 2nd period - Mike Cammalleri wins face-off versus Nate Thompson in neutral zone.
5:15 of 2nd period - Minor Penalty to Mike Cammalleri for Slashing.
5:16 of 2nd period - Nate Thompson wins face-off versus Tom Pyatt in Rangers zone.
5:41 of 2nd period - Shot by Keith Yandle.
5:41 of 2nd period - Shot Misses the Net.
5:45 of 2nd period - Shot by Zach Parise.
5:45 of 2nd period - Stopped by Niklas Backstrom without a rebound.
5:46 of 2nd period - Scott Gomez wins face-off versus Curtis Glencross in Rangers zone.
5:55 of 2nd period - Jay Bouwmeester is hit by Sergei Kostitsyn and loses puck.
6:38 of 2nd period - Shot by Zach Parise.
6:38 of 2nd period - Stopped by Niklas Backstrom without a rebound.
6:39 of 2nd period - Scott Gomez wins face-off versus Nik Antropov in Rangers zone.
7:07 of 2nd period - Off-side.
7:08 of 2nd period - Sergei Kostitsyn wins face-off versus Henrik Sedin in neutral zone.
7:47 of 2nd period - Ian White is hit by Jamie Langenbrunner and loses puck.
7:57 of 2nd period - Minor Penalty to Andrei Kostitsyn for Holding Stick.
7:58 of 2nd period - Scott Gomez wins face-off versus Nik Antropov in Rangers zone.
8:12 of 2nd period - Shot by Ray Whitney.
8:12 of 2nd period - Shot Misses the Net.
8:16 of 2nd period - Shot by Paul Martin.
8:16 of 2nd period - Stopped by Niklas Backstrom with a rebound.
8:40 of 2nd period - Off-side.
8:41 of 2nd period - Nik Antropov wins face-off versus Scott Gomez in neutral zone.
8:44 of 2nd period - Shot by Keith Yandle.
8:44 of 2nd period - Goal by Keith Yandle - Rangers : 1 - RedWings : 2.
8:45 of 2nd period - Scott Gomez wins face-off versus Travis Zajac in neutral zone.
9:02 of 2nd period - Shot by Jamie Langenbrunner.
9:02 of 2nd period - Stopped by Niklas Backstrom without a rebound.
9:03 of 2nd period - Henrik Sedin wins face-off versus Nate Thompson in Rangers zone.
9:22 of 2nd period - Icing by Zach Parise.
9:23 of 2nd period - Tom Pyatt wins face-off versus Nate Thompson in RedWings zone.
9:45 of 2nd period - Icing by Keith Yandle.
9:46 of 2nd period - Nate Thompson wins face-off versus Scott Gomez in RedWings zone.
10:19 of 2nd period - Shot by Alexandre Burrows.
10:19 of 2nd period - Stopped by Niklas Backstrom with a rebound.
11:17 of 2nd period - Jay Bouwmeester is hit by Nik Antropov.
11:28 of 2nd period - Shot by Ray Whitney.
11:28 of 2nd period - Stopped by Niklas Backstrom with a rebound.
12:15 of 2nd period - Minor Penalty to Curtis Glencross for Hooking.
12:16 of 2nd period - Nate Thompson wins face-off versus Tom Pyatt in RedWings zone.
12:31 of 2nd period - Shot by Lubomir Visnovsky.
12:31 of 2nd period - Stopped by Roberto Luongo without a rebound.
12:32 of 2nd period - Nate Thompson wins face-off versus Nikolai Zherdev in RedWings zone.
12:53 of 2nd period - Shot by Francis Bouillon.
12:53 of 2nd period - Shot Blocked by Keith Yandle.
12:55 of 2nd period - Shot by Francis Bouillon.
12:55 of 2nd period - Shot Blocked by Keith Yandle.
12:57 of 2nd period - Shot by Tom Pyatt.
12:57 of 2nd period - Stopped by Roberto Luongo without a rebound.
12:58 of 2nd period - Nate Thompson wins face-off versus Henrik Sedin in RedWings zone.
13:17 of 2nd period - Shot by Nikolai Kulemin.
13:17 of 2nd period - Shot Hit the Post.
13:19 of 2nd period - Shot by Ian White.
13:19 of 2nd period - Stopped by Roberto Luongo without a rebound.
13:20 of 2nd period - Scott Gomez wins face-off versus Nik Antropov in RedWings zone.
13:28 of 2nd period - Icing by Lubomir Visnovsky.
13:29 of 2nd period - Scott Gomez wins face-off versus Alexandre Burrows in Rangers zone.
13:42 of 2nd period - Shot by Lubomir Visnovsky.
13:42 of 2nd period - Stopped by Roberto Luongo without a rebound.
13:43 of 2nd period - Henrik Sedin wins face-off versus Nate Thompson in RedWings zone.
14:10 of 2nd period - Shot by Mike Cammalleri.
14:10 of 2nd period - Stopped by Roberto Luongo without a rebound.
14:11 of 2nd period - Tom Pyatt wins face-off versus Ray Whitney in RedWings zone.
14:22 of 2nd period - Minor Penalty to Eric Brewer for Slashing.
14:23 of 2nd period - Tom Pyatt wins face-off versus Nate Thompson in RedWings zone.
14:50 of 2nd period - Shot by Lubomir Visnovsky.
14:50 of 2nd period - Shot Misses the Net.
14:51 of 2nd period - Minor Penalty to Keith Yandle for Slashing.
14:52 of 2nd period - Henrik Sedin wins face-off versus Nate Thompson in RedWings zone.
15:32 of 2nd period - Icing by Mark Recchi.
15:33 of 2nd period - Nate Thompson wins face-off versus Tom Pyatt in Rangers zone.
15:46 of 2nd period - Brian Campbell is hit by Mark Recchi and loses puck.
17:10 of 2nd period - Shot by Mark Recchi.
17:10 of 2nd period - Stopped by Roberto Luongo without a rebound.
17:11 of 2nd period - Tom Pyatt wins face-off versus Ray Whitney in RedWings zone.
17:11 of 2nd period - Minor Penalty to Eric Brewer for Slashing.
17:12 of 2nd period - Henrik Sedin wins face-off versus Zach Parise in RedWings zone.
18:12 of 2nd period - Shot by Lubomir Visnovsky.
18:12 of 2nd period - Shot Misses the Net.
18:14 of 2nd period - Shot by Lubomir Visnovsky.
18:14 of 2nd period - Stopped by Roberto Luongo without a rebound.
18:15 of 2nd period - Nate Thompson wins face-off versus Scott Gomez in RedWings zone.
18:25 of 2nd period - Ian White is hit by Pavel Kubina and loses puck.
18:34 of 2nd period - Shot by Scott Gomez.
18:34 of 2nd period - Stopped by Roberto Luongo with a rebound.
18:38 of 2nd period - Shot by Mike Weaver.
18:38 of 2nd period - Shot Misses the Net.
18:42 of 2nd period - Shot by Nikolai Zherdev.
18:42 of 2nd period - Stopped by Roberto Luongo without a rebound.
18:43 of 2nd period - Ray Whitney wins face-off versus Tom Pyatt in RedWings zone.
19:02 of 2nd period - Shot by Lubomir Visnovsky.
19:02 of 2nd period - Shot Misses the Net.
19:14 of 2nd period - Shot by Mike Cammalleri.
19:14 of 2nd period - Stopped by Roberto Luongo without a rebound.
19:15 of 2nd period - Mark Recchi wins face-off versus Ray Whitney in RedWings zone.
19:40 of 2nd period - Shot by Mark Recchi.
19:40 of 2nd period - Shot Misses the Net.

Period #3

0:01 of 3rd period - Nik Antropov wins face-off versus Tom Pyatt in neutral zone.
0:21 of 3rd period - Minor Penalty to Lubomir Visnovsky for Holding.
0:22 of 3rd period - Travis Zajac wins face-off versus Nikolai Kulemin in Rangers zone.
0:30 of 3rd period - Shot by Sergei Kostitsyn.
0:30 of 3rd period - Shot Misses the Net.
0:34 of 3rd period - Shot by Paul Martin.
0:34 of 3rd period - Shot Misses the Net.
0:36 of 3rd period - Shot by Brian Campbell.
0:36 of 3rd period - Stopped by Niklas Backstrom without a rebound.
0:37 of 3rd period - Nik Antropov wins face-off versus Henrik Sedin in Rangers zone.
0:42 of 3rd period - Shot by Ryan Whitney.
0:42 of 3rd period - Shot Blocked by Jay Bouwmeester.
1:09 of 3rd period - Shot by Alexandre Burrows.
1:09 of 3rd period - Stopped by Niklas Backstrom with a rebound.
1:11 of 3rd period - Shot by Nik Antropov.
1:11 of 3rd period - Shot Misses the Net.
1:15 of 3rd period - Shot by Keith Yandle.
1:15 of 3rd period - Shot Misses the Net.
1:27 of 3rd period - Jay Bouwmeester is hit by Ray Whitney and loses puck.
1:32 of 3rd period - Shot by Sergei Kostitsyn.
1:32 of 3rd period - Stopped by Niklas Backstrom with a rebound.
2:26 of 3rd period - Shot by Nik Antropov.
2:26 of 3rd period - Stopped by Niklas Backstrom without a rebound.
2:27 of 3rd period - Tom Pyatt wins face-off versus Travis Zajac in Rangers zone.
3:17 of 3rd period - Brian Campbell is hit by Ian White and loses puck.
3:43 of 3rd period - Shot by Scott Gomez.
3:43 of 3rd period - Shot Blocked by Keith Yandle.
3:45 of 3rd period - Shot by Francis Bouillon.
3:45 of 3rd period - Stopped by Roberto Luongo with a rebound.
3:47 of 3rd period - Shot by Mark Recchi.
3:47 of 3rd period - Shot Misses the Net.
3:51 of 3rd period - Shot by Mark Recchi.
3:51 of 3rd period - Shot Misses the Net.
3:54 of 3rd period - Andrei Kostitsyn is hit by Keith Yandle and loses puck.
4:14 of 3rd period - Icing by Brian Campbell.
4:15 of 3rd period - Nate Thompson wins face-off versus Henrik Sedin in RedWings zone.
4:42 of 3rd period - Shot by Ray Whitney.
4:42 of 3rd period - Shot Misses the Net.
4:46 of 3rd period - Shot by Nik Antropov.
4:46 of 3rd period - Stopped by Niklas Backstrom without a rebound.
4:46 of 3rd period - Minor Penalty to Mike Weaver for Interference.
4:47 of 3rd period - Nik Antropov wins face-off versus Mark Recchi in Rangers zone.
5:10 of 3rd period - Shot by Zach Parise.
5:10 of 3rd period - Goal by Zach Parise - Rangers : 1 - RedWings : 3.
5:11 of 3rd period - Tom Pyatt wins face-off versus Zach Parise in neutral zone.
5:44 of 3rd period - Shot by Zach Parise.
5:44 of 3rd period - Stopped by Niklas Backstrom without a rebound.
5:45 of 3rd period - Scott Gomez wins face-off versus Nik Antropov in Rangers zone.
6:44 of 3rd period - Minor Penalty to Andrei Kostitsyn for Hooking.
6:45 of 3rd period - Henrik Sedin wins face-off versus Travis Zajac in Rangers zone.
7:00 of 3rd period - Shot by Zach Parise.
7:00 of 3rd period - Stopped by Niklas Backstrom without a rebound.
7:01 of 3rd period - Travis Zajac wins face-off versus Scott Gomez in Rangers zone.
7:15 of 3rd period - Shot by Curtis Glencross.
7:15 of 3rd period - Shot Hit the Post.
7:17 of 3rd period - Shot by Brian Campbell.
7:17 of 3rd period - Shot Misses the Net.
7:46 of 3rd period - Icing by Zach Parise.
7:47 of 3rd period - Henrik Sedin wins face-off versus Travis Zajac in RedWings zone.
7:48 of 3rd period - Shot by Lubomir Visnovsky.
7:48 of 3rd period - Shot Misses the Net.
7:51 of 3rd period - Icing by Alexandre Burrows.
7:52 of 3rd period - Henrik Sedin wins face-off versus Travis Zajac in RedWings zone.
9:59 of 3rd period - Off-side.
10:00 of 3rd period - Henrik Sedin wins face-off versus Travis Zajac in neutral zone.
11:13 of 3rd period - Shot by Mike Cammalleri.
11:13 of 3rd period - Stopped by Roberto Luongo without a rebound.
11:14 of 3rd period - Nate Thompson wins face-off versus Mark Recchi in RedWings zone.
11:14 of 3rd period - Nate Thompson is hit by Scott Gomez.
11:34 of 3rd period - Shot by Nate Thompson.
11:34 of 3rd period - Deflect By Jamie Langenbrunner.
11:34 of 3rd period - Shot Misses the Net.
11:36 of 3rd period - Shot by Nate Thompson.
11:36 of 3rd period - Stopped by Niklas Backstrom without a rebound.
11:37 of 3rd period - Nik Antropov wins face-off versus Henrik Sedin in Rangers zone.
11:46 of 3rd period - Shot by Sergei Kostitsyn.
11:46 of 3rd period - Stopped by Niklas Backstrom without a rebound.
11:47 of 3rd period - Zach Parise wins face-off versus Tom Pyatt in Rangers zone.
11:47 of 3rd period - Zach Parise is hit by Lubomir Visnovsky.
12:01 of 3rd period - Shot by Zach Parise.
12:01 of 3rd period - Shot Blocked by Ian White.
12:03 of 3rd period - Shot by Eric Brewer.
12:03 of 3rd period - Stopped by Niklas Backstrom without a rebound.
12:04 of 3rd period - Nik Antropov wins face-off versus Scott Gomez in Rangers zone.
12:13 of 3rd period - Shot by Sergei Kostitsyn.
12:13 of 3rd period - Shot Blocked by Keith Ballard.
12:17 of 3rd period - Shot by Ryan Whitney.
12:17 of 3rd period - Shot Misses the Net.
12:19 of 3rd period - Shot by Sergei Kostitsyn.
12:19 of 3rd period - Shot Misses the Net.
12:29 of 3rd period - Shot by Sergei Kostitsyn.
12:29 of 3rd period - Goal by Sergei Kostitsyn - Rangers : 1 - RedWings : 4.
12:30 of 3rd period - Travis Zajac wins face-off versus Henrik Sedin in neutral zone.
12:44 of 3rd period - Henrik Sedin is hit by Alexandre Burrows and loses puck.
12:49 of 3rd period - Travis Zajac is hit by Nikolai Kulemin and loses puck.
13:41 of 3rd period - Minor Penalty to Eric Brewer for Cross-checking.
13:42 of 3rd period - Tom Pyatt wins face-off versus Nik Antropov in RedWings zone.
13:45 of 3rd period - Shot by Lubomir Visnovsky.
13:45 of 3rd period - Shot Misses the Net.
13:47 of 3rd period - Shot by Tom Pyatt.
13:47 of 3rd period - Deflect By Mike Cammalleri.
13:47 of 3rd period - Stopped by Roberto Luongo without a rebound.
13:48 of 3rd period - Dan Cleary wins face-off versus Nik Antropov in RedWings zone.
14:01 of 3rd period - Shot by Francis Bouillon.
14:01 of 3rd period - Stopped by Roberto Luongo without a rebound.
14:02 of 3rd period - Nate Thompson wins face-off versus Tom Pyatt in RedWings zone.
14:25 of 3rd period - Shot by Lubomir Visnovsky.
14:25 of 3rd period - Goal by Lubomir Visnovsky - Rangers : 2 - RedWings : 4.
14:26 of 3rd period - Scott Gomez wins face-off versus Zach Parise in neutral zone.
14:54 of 3rd period - Zach Parise is hit by Francis Bouillon and loses puck.
14:57 of 3rd period - Shot by Zach Parise.
14:57 of 3rd period - Shot Blocked by Keith Ballard.
15:08 of 3rd period - Icing by Mark Recchi.
15:09 of 3rd period - Nik Antropov wins face-off versus Andrei Kostitsyn in Rangers zone.
15:09 of 3rd period - Nik Antropov is hit by Keith Ballard.
15:12 of 3rd period - Sergei Kostitsyn is hit by Francis Bouillon and loses puck.
15:17 of 3rd period - Shot by Nik Antropov.
15:17 of 3rd period - Stopped by Niklas Backstrom with a rebound.
15:34 of 3rd period - Shot by Ray Whitney.
15:34 of 3rd period - Shot Blocked by Keith Ballard.
15:36 of 3rd period - Shot by Sergei Kostitsyn.
15:36 of 3rd period - Shot Blocked by Keith Ballard.
15:38 of 3rd period - Shot by Ray Whitney.
15:38 of 3rd period - Stopped by Niklas Backstrom with a rebound.
15:40 of 3rd period - Shot by Nik Antropov.
15:40 of 3rd period - Stopped by Niklas Backstrom without a rebound.
15:41 of 3rd period - Travis Zajac wins face-off versus Tom Pyatt in Rangers zone.
15:41 of 3rd period - Travis Zajac is hit by Jay Bouwmeester.
15:42 of 3rd period - Minor Penalty to Jay Bouwmeester for Hooking.
15:43 of 3rd period - Travis Zajac wins face-off versus Henrik Sedin in Rangers zone.
15:46 of 3rd period - Shot by Paul Martin.
15:46 of 3rd period - Shot Misses the Net.
15:50 of 3rd period - Shot by Brian Campbell.
15:50 of 3rd period - Shot Misses the Net.
16:03 of 3rd period - Brian Campbell is hit by Mike Weaver and loses puck.
16:06 of 3rd period - Shot by Sergei Kostitsyn.
16:06 of 3rd period - Stopped by Niklas Backstrom with a rebound.
16:08 of 3rd period - Shot by Ray Whitney.
16:08 of 3rd period - Shot Blocked by Mike Weaver.
16:10 of 3rd period - Shot by Ray Whitney.
16:10 of 3rd period - Shot Misses the Net.
16:14 of 3rd period - Shot by Brian Campbell.
16:14 of 3rd period - Stopped by Niklas Backstrom without a rebound.
16:15 of 3rd period - Nik Antropov wins face-off versus Scott Gomez in Rangers zone.
17:16 of 3rd period - Shot by Ray Whitney.
17:16 of 3rd period - Shot Blocked by Keith Ballard.
18:52 of 3rd period - Icing by Ian White.
18:53 of 3rd period - Tom Pyatt wins face-off versus Nate Thompson in Rangers zone.


Output by the SimonT Hockey Simulator (STHS) for Stephane Roy -- Original Page W3C XHTML 1.0 Valid